Penguins vs Nordiques

Created - 23 février 2022 at 17:04

Goals
1 2 3 OT1 SO T
Penguins 1 1 1 0 3 4
Nordiques 2 1 0 0 1 3
Shots
1 2 3 OT1 SO T
Penguins 10 16 9 5 3 40
Nordiques 15 12 12 0 2 39

1st period

1. Nordiques , Lucas Raymond 12 (Sebastian Aho 30) at 1:32 (PP)
2. Penguins , Lawson Crouse 6 (Tomas Tatar 24, Cale Makar 36) at 6:39 (PP)
3. Nordiques , Mathieu Perreault 10 (Joel Farabee 22, Kirby Dach 28) at 10:06 (PP)

Penalties :
Charlie Coyle (PIT) for Roughing (Minor) at 1:27, Ryan Lindgren (QUE) for Delaying the game (Minor) at 6:01, Jeremy Lauzon (PIT) for Hooking (Minor) at 9:30, Pius Suter (QUE) for Holding (Minor) at 14:28

2nd period

4. Penguins , Vinnie Hinostroza 1 (Sam Carrick 4, Charlie Coyle 22) at 1:09
5. Nordiques , Ryan Lindgren 2 (Joel Farabee 23, Kirby Dach 29) at 10:47

Penalties :
Matt Tennyson (PIT) for Tripping (Minor) at 15:05

3rd period

6. Penguins , J.T. Miller 25 (Auston Matthews 40, Mikael Granlund 30) at 3:15

Penalties :
J.T. Miller (PIT) for Roughing (Minor) at 6:03

Overtime #1

No Goal

Penalties :
No Penalty

Shootout

Penguins, Auston Matthews - Goal!
Nordiques, Sebastian Aho - Shot Misses the Net
Penguins, J.T. Miller - Goal!
Nordiques, Alexander Wennberg - Goal!
Penguins, Mikael Granlund - Goal!

Penalties :
No Penalty

Goalie Stats

Tuukka Rask (PIT), 36 saves from 39 shots - (0,923), W, 20-12-2, 65:00 minutes
Dan Vladar (QUE), 37 saves from 40 shots - (0,925), OTL, 18-15-11, 65:00 minutes

Players Stats for Penguins

Player Name              G  A  P  +/- PIM S  H  SB GA TA FO     MP     PP MP  PK MP  
------------------------------------------------------------------------------------
Auston Matthews          0  1  1   0  0   3  2  0  1  0  19/33  24:18   1:28   2:59 
Cale Makar               0  1  1   0  0   3  1  6  1  2  0/0    26:02   1:59   3:16 
Chad Ruhwedel            0  0  0   0  0   0  0  0  0  0  0/0     6:18   0:00   0:00 
Charlie Coyle            0  1  1   0  2   3  0  0  3  0  1/2    17:07   1:09   0:00 
Cody Eakin               0  0  0   0  0   0  0  0  1  0  0/0    11:10   0:00   0:00 
Curtis Lazar             0  0  0   0  0   0  1  0  0  0  4/8    12:17   0:00   0:36 
Dmitry Orlov             0  0  0   1  0   0  1  0  0  1  0/0    18:41   0:38   1:23 
Ethan Bear               0  0  0   0  0   1  1  0  0  0  0/0    11:33   0:00   0:00 
J.T. Miller              1  0  1   0  2   11 1  1  1  0  1/1    23:23   1:28   1:44 
Jacob MacDonald          0  0  0   0  0   0  1  0  0  1  0/0     6:18   0:00   0:00 
Jeremy Lauzon            0  0  0   1  2   1  0  0  0  1  0/0    17:58   0:38   1:23 
Joel Armia               0  0  0   0  0   6  1  0  1  0  0/0    12:48   0:00   1:33 
Lawson Crouse            1  0  1   0  0   1  4  0  1  1  0/0    17:31   1:09   0:08 
Matt Tennyson            0  0  0   0  2   0  0  0  0  0  0/0    11:53   0:00   0:00 
Mikael Granlund          0  1  1   0  0   2  0  0  1  0  2/2    22:10   1:28   1:35 
Sam Carrick              0  1  1   1  0   0  0  0  0  0  0/0     8:10   0:00   0:00 
Sam Steel                0  0  0   1  0   1  0  0  0  1  0/0     9:16   0:00   0:11 
Tomas Tatar              0  1  1   0  0   3  2  0  3  0  5/12   18:15   1:09   0:32 
Tyler Myers              0  0  0   0  0   4  0  2  0  0  0/0    26:36   1:59   3:16 
Vinnie Hinostroza        1  0  1   1  0   1  1  0  0  0  0/1     8:33   0:00   0:00 

Players Stats for Nordiques

Player Name              G  A  P  +/- PIM S  H  SB GA TA FO     MP     PP MP  PK MP  
------------------------------------------------------------------------------------
Alex Newhook             0  0  0  -1  0   0  1  1  0  0  5/10   13:25   0:00   0:00 
Alexander Wennberg       0  0  0   0  0   1  1  2  0  2  0/1    18:19   2:26   1:15 
C.J. Smith               0  0  0  -1  0   2  0  0  1  1  0/0    13:25   0:00   0:00 
Joel Farabee             0  2  2   1  0   6  0  0  0  0  0/1    17:46   2:13   1:22 
Kirby Dach               0  2  2   1  0   1  1  1  2  0  9/17   18:22   2:13   1:22 
Lucas Raymond            1  0  1   0  0   3  1  0  1  0  1/3    16:45   2:26   0:00 
Martin Fehervary         0  0  0   0  0   2  1  1  0  3  0/0    17:46   0:00   0:38 
Mathieu Perreault        1  0  1   1  0   1  0  0  0  0  0/0    15:31   2:13   0:00 
Nils Hoglander           0  0  0  -1  0   5  1  0  0  1  0/2    13:48   0:00   0:00 
Patrick Brown            0  0  0  -1  0   2  3  0  0  0  0/1    13:25   0:00   0:00 
Philippe Myers           0  0  0   0  0   0  4  2  1  1  0/0    20:44   1:55   1:19 
Pius Suter               0  0  0  -1  2   5  0  1  1  0  5/8    14:40   0:00   0:00 
Ryan Lindgren            1  0  1   0  2   2  1  1  1  1  0/0    20:42   1:55   0:41 
Sebastian Aho            0  1  1   0  0   2  0  2  0  1  7/16   18:17   2:26   1:15 
Shayne Gostisbehere      0  0  0   0  0   1  0  4  0  1  0/0    17:08   0:00   0:00 
Travis Sanheim           0  0  0  -1  0   1  2  3  0  1  0/0    24:17   2:44   1:18 
Vasili Podkolzin         0  0  0  -1  0   0  0  1  0  0  0/0    13:39   0:00   0:00 
Zdeno Chara              0  0  0  -1  0   5  3  1  0  1  0/0    24:22   2:44   1:18 

3 Stars

1 - Lawson Crouse (PIT)
2 - Vinnie Hinostroza (PIT)
3 - Kirby Dach (QUE)

Power Play

Penguins - 1 on 2 Attempt(s) - 50,00%
Nordiques - 2 on 4 Attempt(s) - 50,00%

Penalty Kill

Penguins - 2 on 4 Attempt(s) - 50,00% - Score 0 goal in Penalty Kill
Nordiques - 1 on 2 Attempt(s) - 50,00% - Score 0 goal in Penalty Kill

Team Stat

Penguins - Hits : 16 - Faceoff Wins : 32 - Blocked Shots : 9 - Penalty Minutes : 8
Nordiques - Hits : 19 - Faceoff Wins : 27 - Blocked Shots : 20 - Penalty Minutes : 4

Official

Referees : Mike Duco and Tim Peel
Linesman : Devin Berg and Kyle Allen

Game Notes

No Game Note

Finance

Level 1 -- Attendance: 6000 (100,00%) -- Ticket Income 480 000 $
Level 2 -- Attendance: 5000 (100,00%) -- Ticket Income 250 000 $
Level 3 -- Attendance: 2000 (100,00%) -- Ticket Income 50 000 $
Level 4 -- Attendance: 3982 (99,55%) -- Ticket Income 39 820 $
Luxury Box -- Attendance: 976 (97,60%) -- Ticket Income 156 160 $
Game was played at the Colisee.
Total Attendance: 17958 (99,77%)
Total Ticket Income: 975 980 $
Other Income: 478 230 $
Total Income: 1 454 210 $

Penguins

5 vs 5 Forward 
   Center                   Left Wing                Right Wing               Time % Phy DF OF 
 1 Auston Matthews          J.T. Miller              Mikael Granlund          40     1   2  2  
 2 Tomas Tatar              Charlie Coyle            Lawson Crouse            30     1   2  2  
 3 Curtis Lazar             Cody Eakin               Joel Armia               20     1   2  2  
 4 Vinnie Hinostroza        Sam Steel                Sam Carrick              10     1   2  2  

5 vs 5 Defense 
   Defense                  Defense                                           Time % Phy DF OF 
 1 Tyler Myers              Cale Makar                                        40     1   2  2  
 2 Dmitry Orlov             Jeremy Lauzon                                     30     1   2  2  
 3 Ethan Bear               Matt Tennyson                                     20     1   2  2  
 4 Chad Ruhwedel            Jacob MacDonald                                   10     1   2  2  

PowerPlay Forward 
   Center                   Left Wing                Right Wing               Time % Phy DF OF 
 1 Auston Matthews          J.T. Miller              Mikael Granlund          60     1   2  2  
 2 Tomas Tatar              Charlie Coyle            Lawson Crouse            40     1   2  2  

PowerPlay Defense
   Defense                  Defense                                           Time % Phy DF OF 
 1 Tyler Myers              Cale Makar                                        60     1   2  2  
 2 Dmitry Orlov             Jeremy Lauzon                                     40     1   2  2  

Penalty Kill 4 Players Forward 
   Center                   Wing                     Time % Phy DF OF 
 1 Auston Matthews          J.T. Miller              60     1   2  2  
 2 Mikael Granlund          Tomas Tatar              40     1   2  2  

Penalty Kill 4 Players Defense
   Defense                  Defense                  Time % Phy DF OF 
 1 Tyler Myers              Cale Makar               60     1   2  2  
 2 Dmitry Orlov             Jeremy Lauzon            40     1   2  2  

Penalty Kill - 3 Players Forward 
   Forward                                           Time % Phy DF OF 
 1 Auston Matthews                                   60     1   2  2  
 2 J.T. Miller                                       40     1   2  2  

Penalty Kill - 3 Players Defense
   Defense                  Defense                  Time % Phy DF OF 
 1 Tyler Myers              Cale Makar               60     1   2  2  
 2 Dmitry Orlov             Jeremy Lauzon            40     1   2  2  

4 vs 4 Forward 
   Center                   Wing                     Time % Phy DF OF 
 1 Auston Matthews          J.T. Miller              60     1   2  2  
 2 Mikael Granlund          Tomas Tatar              40     1   2  2  

4 vs 4 Defense
   Defense                  Defense                  Time % Phy DF OF 
 1 Tyler Myers              Cale Makar               60     1   2  2  
 2 Dmitry Orlov             Jeremy Lauzon            40     1   2  2  

Last Minutes Offensive
   Center                   Left Wing                Right Wing               Defense                  Defense                  
   Auston Matthews          J.T. Miller              Mikael Granlund          Tyler Myers              Cale Makar               

Last Minutes Defensive
   Center                   Left Wing                Right Wing               Defense                  Defense                  
   Auston Matthews          J.T. Miller              Mikael Granlund          Tyler Myers              Cale Makar               

Goaltenders
Starting : Tuukka Rask              
Backup : Jack Campbell            

Extra Forwards
Normal : Curtis Lazar, Cody Eakin, Joel Armia - PP : Curtis Lazar, Cody Eakin - PK : Joel Armia
Extra Defensemen
Normal : Ethan Bear, Matt Tennyson, Chad Ruhwedel - PP : Ethan Bear - PK : Matt Tennyson, Chad Ruhwedel
Penalty Shots
Auston Matthews, J.T. Miller, Mikael Granlund, Tomas Tatar, Charlie Coyle
Custom OT Lines Forwards
Auston Matthews, J.T. Miller, Mikael Granlund, Tomas Tatar, Charlie Coyle, Lawson Crouse, Curtis Lazar, Cody Eakin, Joel Armia, Vinnie Hinostroza
Custom OT Lines Defensemen
Tyler Myers, Cale Makar, Dmitry Orlov, Jeremy Lauzon, Ethan Bear

Scratches
Matthew Nieto (Sore Right Knee Injury), Jesse Puljujarvi (Broken Right Index Finger Injury)

Nordiques

5 vs 5 Forward 
   Center                   Left Wing                Right Wing               Time % Phy DF OF 
 1 Sebastian Aho            Alexander Wennberg       Lucas Raymond            25     0   2  3  
 2 Kirby Dach               Joel Farabee             Mathieu Perreault        25     0   2  3  
 3 Pius Suter               Nils Hoglander           Vasili Podkolzin         25     0   2  3  
 4 Alex Newhook             C.J. Smith               Patrick Brown            25     0   2  3  

5 vs 5 Defense 
   Defense                  Defense                                           Time % Phy DF OF 
 1 Zdeno Chara              Travis Sanheim                                    34     0   2  3  
 2 Ryan Lindgren            Philippe Myers                                    33     0   2  3  
 3 Shayne Gostisbehere      Martin Fehervary                                  33     0   2  3  
 4 Zdeno Chara              Travis Sanheim                                    0      0   2  3  

PowerPlay Forward 
   Center                   Left Wing                Right Wing               Time % Phy DF OF 
 1 Sebastian Aho            Alexander Wennberg       Lucas Raymond            50     0   2  3  
 2 Kirby Dach               Joel Farabee             Mathieu Perreault        50     0   2  3  

PowerPlay Defense
   Defense                  Defense                                           Time % Phy DF OF 
 1 Zdeno Chara              Travis Sanheim                                    50     0   2  3  
 2 Ryan Lindgren            Philippe Myers                                    50     0   2  3  

Penalty Kill 4 Players Forward 
   Center                   Wing                     Time % Phy DF OF 
 1 Kirby Dach               Joel Farabee             50     0   2  3  
 2 Sebastian Aho            Alexander Wennberg       50     0   2  3  

Penalty Kill 4 Players Defense
   Defense                  Defense                  Time % Phy DF OF 
 1 Zdeno Chara              Travis Sanheim           50     0   2  3  
 2 Ryan Lindgren            Philippe Myers           50     0   2  3  

Penalty Kill - 3 Players Forward 
   Forward                                           Time % Phy DF OF 
 1 Kirby Dach                                        50     0   2  3  
 2 Sebastian Aho                                     50     0   2  3  

Penalty Kill - 3 Players Defense
   Defense                  Defense                  Time % Phy DF OF 
 1 Zdeno Chara              Travis Sanheim           50     0   2  3  
 2 Ryan Lindgren            Philippe Myers           50     0   2  3  

4 vs 4 Forward 
   Center                   Wing                     Time % Phy DF OF 
 1 Sebastian Aho            Alexander Wennberg       50     0   2  3  
 2 Lucas Raymond            Kirby Dach               50     0   2  3  

4 vs 4 Defense
   Defense                  Defense                  Time % Phy DF OF 
 1 Zdeno Chara              Travis Sanheim           50     0   2  3  
 2 Ryan Lindgren            Philippe Myers           50     0   2  3  

Last Minutes Offensive
   Center                   Left Wing                Right Wing               Defense                  Defense                  
   Sebastian Aho            Alexander Wennberg       Lucas Raymond            Zdeno Chara              Travis Sanheim           

Last Minutes Defensive
   Center                   Left Wing                Right Wing               Defense                  Defense                  
   Sebastian Aho            Alexander Wennberg       Lucas Raymond            Zdeno Chara              Travis Sanheim           

Goaltenders
Starting : Dan Vladar               
Backup : Devan Dubnyk             

Extra Forwards
Normal : Pius Suter, Nils Hoglander, Vasili Podkolzin - PP : Pius Suter, Nils Hoglander - PK : Vasili Podkolzin
Extra Defensemen
Normal : Shayne Gostisbehere, Martin Fehervary, Ryan Lindgren - PP : Shayne Gostisbehere - PK : Martin Fehervary, Ryan Lindgren
Penalty Shots
Sebastian Aho, Alexander Wennberg, Lucas Raymond, Kirby Dach, Joel Farabee
Custom OT Lines Forwards
Sebastian Aho, Alexander Wennberg, Lucas Raymond, Kirby Dach, Joel Farabee, Mathieu Perreault, Pius Suter, Nils Hoglander, Vasili Podkolzin, Alex Newhook
Custom OT Lines Defensemen
Zdeno Chara, Travis Sanheim, Ryan Lindgren, Philippe Myers, Shayne Gostisbehere

Scratches
C.J. Suess (Healthy), Gabriel Dumont (Healthy), Craig Anderson (Healthy)

% Time on Ice - Penguins

Lines # - Real PCT - Wanted PCT - Time Play
Normal Forward
1 - 35% - 40% - 18:37
2 - 30% - 30% - 15:45
3 - 19% - 20% - 10:12
4 - 15% - 10% - 8:10
Normal Defense
1 - 36% - 40% - 18:55
2 - 30% - 30% - 15:58
3 - 22% - 20% - 11:33
4 - 12% - 10% - 6:18
PP Forward
1 - 56% - 60% - 1:28
2 - 44% - 40% - 1:09
PP Defense
1 - 76% - 60% - 1:59
2 - 24% - 40% - 0:38
PK Forward
1 - 89% - 60% - 4:07
2 - 11% - 40% - 0:32
PK Defense
1 - 70% - 60% - 3:16
2 - 30% - 40% - 1:23
PK3 Forward
1 - 0% - 60%
2 - 0% - 40%
PK3 Defense
1 - 0% - 60%
2 - 0% - 40%
44 Forward
1 - 0% - 60%
2 - 0% - 40%
44 Defense
1 - 0% - 60%
2 - 0% - 40%
Last Minute Offensive  - 0:00
Last Minute Defensive  - 0:00
Total
Forward - 60:00
Defense - 60:00

% Time on Ice - Nordiques

Lines # - Real PCT - Wanted PCT - Time Play
Normal Forward
1 - 26% - 25% - 13:30
2 - 23% - 25% - 12:17
3 - 26% - 25% - 13:32
4 - 25% - 25% - 13:25
Normal Defense
1 - 34% - 34% - 17:54
2 - 33% - 33% - 17:30
3 - 32% - 33% - 17:08
4 - 0% - 0% - 0:12
PP Forward
1 - 52% - 50% - 2:26
2 - 48% - 50% - 2:13
PP Defense
1 - 59% - 50% - 2:44
2 - 41% - 50% - 1:55
PK Forward
1 - 52% - 50% - 1:22
2 - 48% - 50% - 1:15
PK Defense
1 - 50% - 50% - 1:18
2 - 50% - 50% - 1:19
PK3 Forward
1 - 0% - 50%
2 - 0% - 50%
PK3 Defense
1 - 0% - 50%
2 - 0% - 50%
44 Forward
1 - 0% - 50%
2 - 0% - 50%
44 Defense
1 - 0% - 50%
2 - 0% - 50%
Last Minute Offensive  - 0:00
Last Minute Defensive  - 0:00
Total
Forward - 60:00
Defense - 60:00

Play-by-Play

1st period


0:01 of 1st period - Auston Matthews wins face-off versus Sebastian Aho in neutral zone.
0:50 of 1st period - Tyler Myers is hit by Nils Hoglander and loses puck.
1:12 of 1st period - Off-side.
1:13 of 1st period - Alex Newhook wins face-off versus Auston Matthews in neutral zone.
1:22 of 1st period - Snap shot by Patrick Brown.
1:22 of 1st period - Stopped by Tuukka Rask with a rebound.
1:24 of 1st period - Backhand shot by C.J. Smith.
1:24 of 1st period - Stopped by Tuukka Rask without a rebound.
1:25 of 1st period - Tomas Tatar wins face-off versus Kirby Dach in Penguins zone.
1:27 of 1st period - Minor Penalty to Charlie Coyle for Roughing.
1:28 of 1st period - Lucas Raymond wins face-off versus Auston Matthews in Penguins zone.
1:32 of 1st period - Wrist shot by Lucas Raymond.
1:32 of 1st period - Goal by Lucas Raymond - Penguins : 0 - Nordiques : 1.
1:33 of 1st period - Sebastian Aho wins face-off versus Tomas Tatar in neutral zone.
1:36 of 1st period - Snap shot by Alexander Wennberg.
1:36 of 1st period - Shot Misses the Net.
2:07 of 1st period - Snap shot by J.T. Miller.
2:07 of 1st period - Shot Misses the Net.
2:09 of 1st period - Snap shot by Mikael Granlund.
2:09 of 1st period - Shot Misses the Net.
2:19 of 1st period - Snap shot by Joel Farabee.
2:19 of 1st period - Stopped by Tuukka Rask with a rebound.
2:43 of 1st period - Snap shot by Sam Steel.
2:43 of 1st period - Stopped by Dan Vladar with a rebound.
2:45 of 1st period - Wrist shot by Vinnie Hinostroza.
2:45 of 1st period - Shot Misses the Net.
2:47 of 1st period - Wrist shot by Vinnie Hinostroza.
2:47 of 1st period - Shot Blocked by Alex Newhook.
2:49 of 1st period - Slapshot by Chad Ruhwedel.
2:49 of 1st period - Shot Blocked by Shayne Gostisbehere.
3:28 of 1st period - Snap shot by Nils Hoglander.
3:28 of 1st period - Stopped by Tuukka Rask with a rebound.
3:30 of 1st period - Slapshot by Zdeno Chara.
3:30 of 1st period - Shot Misses the Net.
3:32 of 1st period - Slapshot by Zdeno Chara.
3:32 of 1st period - Stopped by Tuukka Rask with a rebound.
3:54 of 1st period - Snap shot by J.T. Miller.
3:54 of 1st period - Shot Misses the Net.
3:56 of 1st period - Slapshot by Chad Ruhwedel.
3:56 of 1st period - Deflect By J.T. Miller.
3:56 of 1st period - Shot Misses the Net.
3:56 of 1st period - Puck is out of play.
3:57 of 1st period - Curtis Lazar wins face-off versus Patrick Brown in Nordiques zone.
4:34 of 1st period - Wrist shot by Mikael Granlund.
4:34 of 1st period - Stopped by Dan Vladar without a rebound.
4:35 of 1st period - Mikael Granlund wins face-off versus Lucas Raymond in Nordiques zone.
5:04 of 1st period - Wrist shot by Tomas Tatar.
5:04 of 1st period - Shot Misses the Net.
5:08 of 1st period - Slapshot by Cale Makar.
5:08 of 1st period - Shot Misses the Net.
6:01 of 1st period - Minor Penalty to Ryan Lindgren for Delaying the game.
6:02 of 1st period - Auston Matthews wins face-off versus Kirby Dach in Nordiques zone.
6:37 of 1st period - Snap shot by Tomas Tatar.
6:37 of 1st period - Shot Misses the Net.
6:39 of 1st period - Slapshot by Lawson Crouse.
6:39 of 1st period - Goal by Lawson Crouse - Penguins : 1 - Nordiques : 1.
6:40 of 1st period - Auston Matthews wins face-off versus Sebastian Aho in neutral zone.
6:53 of 1st period - Wrist shot by Auston Matthews.
6:53 of 1st period - Stopped by Dan Vladar with a rebound.
6:55 of 1st period - Snap shot by J.T. Miller.
6:55 of 1st period - Stopped by Dan Vladar with a rebound.
7:07 of 1st period - Charlie Coyle is hit by Philippe Myers and loses puck.
7:38 of 1st period - Wrist shot by Joel Armia.
7:38 of 1st period - Stopped by Dan Vladar without a rebound.
7:39 of 1st period - Mikael Granlund wins face-off versus Nils Hoglander in Nordiques zone.
7:44 of 1st period - Slapshot by Auston Matthews.
7:44 of 1st period - Deflect By J.T. Miller.
7:44 of 1st period - Shot Blocked by Vasili Podkolzin.
7:44 of 1st period - Puck is out of play.
7:45 of 1st period - Auston Matthews wins face-off versus Pius Suter in Nordiques zone.
7:46 of 1st period - Wrist shot by J.T. Miller.
7:46 of 1st period - Shot Misses the Net.
7:48 of 1st period - Wrist shot by J.T. Miller.
7:48 of 1st period - Shot Misses the Net.
7:50 of 1st period - Slapshot by Cale Makar.
7:50 of 1st period - Shot Misses the Net.
8:44 of 1st period - Snap shot by Joel Farabee.
8:44 of 1st period - Stopped by Tuukka Rask with a rebound.
8:46 of 1st period - Slapshot by Ryan Lindgren.
8:46 of 1st period - Stopped by Tuukka Rask without a rebound.
8:47 of 1st period - Auston Matthews wins face-off versus Alex Newhook in Penguins zone.
9:00 of 1st period - Snap shot by C.J. Smith.
9:00 of 1st period - Stopped by Tuukka Rask with a rebound.
9:30 of 1st period - Minor Penalty to Jeremy Lauzon for Hooking.
9:31 of 1st period - Kirby Dach wins face-off versus Auston Matthews in Penguins zone.
10:04 of 1st period - Snap shot by Joel Farabee.
10:04 of 1st period - Shot Misses the Net.
10:06 of 1st period - Wrist shot by Mathieu Perreault.
10:06 of 1st period - Goal by Mathieu Perreault - Penguins : 1 - Nordiques : 2.
10:07 of 1st period - Auston Matthews wins face-off versus Sebastian Aho in neutral zone.
10:33 of 1st period - Zdeno Chara is hit by Joel Armia and loses puck.
10:40 of 1st period - Slapshot by Travis Sanheim.
10:40 of 1st period - Stopped by Tuukka Rask with a rebound.
10:42 of 1st period - Wrist shot by Lucas Raymond.
10:42 of 1st period - Shot Misses the Net.
10:44 of 1st period - Snap shot by Alexander Wennberg.
10:44 of 1st period - Stopped by Tuukka Rask with a rebound.
10:46 of 1st period - Snap shot by Lucas Raymond.
10:46 of 1st period - Shot Misses the Net.
10:56 of 1st period - Snap shot by Sebastian Aho.
10:56 of 1st period - Deflect By Tyler Myers.
10:56 of 1st period - Stopped by Tuukka Rask without a rebound.
10:57 of 1st period - Kirby Dach wins face-off versus Auston Matthews in Penguins zone.
11:24 of 1st period - Charlie Coyle is hit by Ryan Lindgren and loses puck.
11:41 of 1st period - Ryan Lindgren is hit by Ethan Bear and loses puck.
11:59 of 1st period - Off-side.
12:00 of 1st period - Curtis Lazar wins face-off versus Alex Newhook in neutral zone.
12:58 of 1st period - Wrist shot by Lucas Raymond.
12:58 of 1st period - Shot Blocked by Cale Makar.
13:06 of 1st period - Zdeno Chara is hit by Lawson Crouse and loses puck.
13:29 of 1st period - Wrist shot by Cody Eakin.
13:29 of 1st period - Deflect By Joel Armia.
13:29 of 1st period - Shot Blocked by Travis Sanheim.
13:29 of 1st period - Puck is out of play.
13:30 of 1st period - Curtis Lazar wins face-off versus Alex Newhook in Nordiques zone.
14:15 of 1st period - Wrist shot by Joel Armia.
14:15 of 1st period - Stopped by Dan Vladar with a rebound.
14:19 of 1st period - Slapshot by Joel Armia.
14:19 of 1st period - Shot Misses the Net.
14:21 of 1st period - Slapshot by Curtis Lazar.
14:21 of 1st period - Shot Blocked by Pius Suter.
14:23 of 1st period - Snap shot by Joel Armia.
14:23 of 1st period - Stopped by Dan Vladar with a rebound.
14:28 of 1st period - Minor Penalty to Pius Suter for Holding.
14:29 of 1st period - Auston Matthews wins face-off versus Sebastian Aho in Nordiques zone.
15:21 of 1st period - Off-side.
15:22 of 1st period - J.T. Miller wins face-off versus Sebastian Aho in neutral zone.
15:36 of 1st period - Off-side.
15:37 of 1st period - Auston Matthews wins face-off versus Kirby Dach in neutral zone.
15:42 of 1st period - Wrist shot by J.T. Miller.
15:42 of 1st period - Stopped by Dan Vladar with a rebound.
16:28 of 1st period - Penalty to Pius Suter is over, Pius Suter is back on ice.
16:32 of 1st period - J.T. Miller is hit by Zdeno Chara and loses puck.
16:47 of 1st period - Backhand shot by Joel Farabee.
16:47 of 1st period - Shot Blocked by Cale Makar.
16:49 of 1st period - Slapshot by Travis Sanheim.
16:49 of 1st period - Shot Misses the Net.
16:51 of 1st period - Wrist shot by Kirby Dach.
16:51 of 1st period - Shot Misses the Net.
16:53 of 1st period - Slapshot by Travis Sanheim.
16:53 of 1st period - Deflect By Joel Farabee.
16:53 of 1st period - Stopped by Tuukka Rask with a rebound.
16:55 of 1st period - Backhand shot by Zdeno Chara.
16:55 of 1st period - Shot Misses the Net.
16:57 of 1st period - Slapshot by Travis Sanheim.
16:57 of 1st period - Shot Misses the Net.
17:01 of 1st period - Wrist shot by Joel Farabee.
17:01 of 1st period - Shot Misses the Net.
17:03 of 1st period - Slapshot by Zdeno Chara.
17:03 of 1st period - Shot Blocked by Cale Makar.
17:13 of 1st period - Wrist shot by Joel Farabee.
17:13 of 1st period - Stopped by Tuukka Rask without a rebound.
17:14 of 1st period - Charlie Coyle wins face-off versus Alex Newhook in Penguins zone.
17:30 of 1st period - Wrist shot by Charlie Coyle.
17:30 of 1st period - Stopped by Dan Vladar with a rebound.
17:40 of 1st period - Dmitry Orlov is hit by Alexander Wennberg and loses puck.
19:47 of 1st period - Travis Sanheim is hit by Lawson Crouse and loses puck.
Goals for this period are 1 for Penguins vs 2 for Nordiques.
Shots for this period are 10 for Penguins vs 15 for Nordiques.

2nd period


0:01 of 2nd period - Kirby Dach wins face-off versus Auston Matthews in neutral zone.
1:09 of 2nd period - Wrist shot by Vinnie Hinostroza.
1:09 of 2nd period - Goal by Vinnie Hinostroza - Penguins : 2 - Nordiques : 2.
1:10 of 2nd period - Alex Newhook wins face-off versus Auston Matthews in neutral zone.
1:17 of 2nd period - Tyler Myers is hit by Philippe Myers.
1:21 of 2nd period - Wrist shot by J.T. Miller.
1:21 of 2nd period - Stopped by Dan Vladar with a rebound.
1:23 of 2nd period - Snap shot by Cale Makar.
1:23 of 2nd period - Shot Blocked by Philippe Myers.
1:25 of 2nd period - Snap shot by J.T. Miller.
1:25 of 2nd period - Stopped by Dan Vladar with a rebound.
1:27 of 2nd period - Slapshot by Tyler Myers.
1:27 of 2nd period - Shot Misses the Net.
1:42 of 2nd period - Slapshot by Cale Makar.
1:42 of 2nd period - Stopped by Dan Vladar without a rebound.
1:43 of 2nd period - Tomas Tatar wins face-off versus Kirby Dach in Nordiques zone.
1:44 of 2nd period - Slapshot by Charlie Coyle.
1:44 of 2nd period - Deflect By Joel Farabee.
1:44 of 2nd period - Shot Misses the Net.
1:44 of 2nd period - Puck is out of play.
1:45 of 2nd period - Kirby Dach wins face-off versus Tomas Tatar in Nordiques zone.
2:01 of 2nd period - Snap shot by Tomas Tatar.
2:01 of 2nd period - Stopped by Dan Vladar without a rebound.
2:02 of 2nd period - Auston Matthews wins face-off versus Nils Hoglander in Nordiques zone.
2:03 of 2nd period - Snap shot by J.T. Miller.
2:03 of 2nd period - Stopped by Dan Vladar without a rebound.
2:04 of 2nd period - Pius Suter wins face-off versus Auston Matthews in Nordiques zone.
2:09 of 2nd period - Shayne Gostisbehere is hit by Cale Makar and loses puck.
2:46 of 2nd period - Slapshot by Pius Suter.
2:46 of 2nd period - Shot Misses the Net.
2:48 of 2nd period - Slapshot by Nils Hoglander.
2:48 of 2nd period - Stopped by Tuukka Rask with a rebound.
2:52 of 2nd period - Snap shot by Nils Hoglander.
2:52 of 2nd period - Shot Misses the Net.
2:54 of 2nd period - Snap shot by Nils Hoglander.
2:54 of 2nd period - Shot Misses the Net.
3:00 of 2nd period - Wrist shot by Pius Suter.
3:00 of 2nd period - Stopped by Tuukka Rask with a rebound.
3:12 of 2nd period - Snap shot by Pius Suter.
3:12 of 2nd period - Shot Misses the Net.
3:14 of 2nd period - Slapshot by Shayne Gostisbehere.
3:14 of 2nd period - Shot Blocked by Cale Makar.
3:16 of 2nd period - Snap shot by Nils Hoglander.
3:16 of 2nd period - Shot Blocked by Tyler Myers.
3:18 of 2nd period - Wrist shot by Nils Hoglander.
3:18 of 2nd period - Stopped by Tuukka Rask with a rebound.
3:20 of 2nd period - Slapshot by Martin Fehervary.
3:20 of 2nd period - Shot Misses the Net.
3:22 of 2nd period - Snap shot by Martin Fehervary.
3:22 of 2nd period - Stopped by Tuukka Rask with a rebound.
3:24 of 2nd period - Snap shot by Vasili Podkolzin.
3:24 of 2nd period - Shot Misses the Net.
3:26 of 2nd period - Slapshot by Martin Fehervary.
3:26 of 2nd period - Deflect By Cale Makar.
3:26 of 2nd period - Stopped by Tuukka Rask without a rebound.
3:27 of 2nd period - Auston Matthews wins face-off versus Kirby Dach in Penguins zone.
3:40 of 2nd period - Snap shot by J.T. Miller.
3:40 of 2nd period - Stopped by Dan Vladar with a rebound.
3:42 of 2nd period - Wrist shot by Jeremy Lauzon.
3:42 of 2nd period - Shot Blocked by Travis Sanheim.
4:34 of 2nd period - Slapshot by Joel Farabee.
4:34 of 2nd period - Shot Misses the Net.
4:40 of 2nd period - Mathieu Perreault is hit by Auston Matthews.
5:05 of 2nd period - Icing by Curtis Lazar.
5:06 of 2nd period - Sebastian Aho wins face-off versus Curtis Lazar in Penguins zone.
5:09 of 2nd period - Slapshot by Sebastian Aho.
5:09 of 2nd period - Shot Misses the Net.
5:15 of 2nd period - Snap shot by Lucas Raymond.
5:15 of 2nd period - Stopped by Tuukka Rask without a rebound.
5:16 of 2nd period - Auston Matthews wins face-off versus Kirby Dach in Penguins zone.
5:16 of 2nd period - Auston Matthews is hit by Travis Sanheim.
5:30 of 2nd period - Slapshot by J.T. Miller.
5:30 of 2nd period - Shot Misses the Net.
5:32 of 2nd period - Snap shot by Tyler Myers.
5:32 of 2nd period - Shot Blocked by Travis Sanheim.
6:51 of 2nd period - C.J. Smith is hit by Lawson Crouse and loses puck.
6:58 of 2nd period - Wrist shot by Charlie Coyle.
6:58 of 2nd period - Stopped by Dan Vladar without a rebound.
6:59 of 2nd period - Kirby Dach wins face-off versus Tomas Tatar in Nordiques zone.
7:10 of 2nd period - Zdeno Chara is hit by Lawson Crouse.
7:33 of 2nd period - Slapshot by J.T. Miller.
7:33 of 2nd period - Stopped by Dan Vladar without a rebound.
7:34 of 2nd period - Tomas Tatar wins face-off versus Pius Suter in Nordiques zone.
7:35 of 2nd period - Snap shot by Lawson Crouse.
7:35 of 2nd period - Deflect By Tomas Tatar.
7:35 of 2nd period - Shot Misses the Net.
7:35 of 2nd period - Puck is out of play.
7:36 of 2nd period - Tomas Tatar wins face-off versus Pius Suter in Nordiques zone.
7:37 of 2nd period - Snap shot by Charlie Coyle.
7:37 of 2nd period - Shot Misses the Net.
8:09 of 2nd period - Snap shot by Auston Matthews.
8:09 of 2nd period - Shot Misses the Net.
8:11 of 2nd period - Snap shot by Dmitry Orlov.
8:11 of 2nd period - Shot Misses the Net.
8:13 of 2nd period - Wrist shot by Auston Matthews.
8:13 of 2nd period - Stopped by Dan Vladar with a rebound.
8:45 of 2nd period - Snap shot by Sebastian Aho.
8:45 of 2nd period - Deflect By Sam Steel.
8:45 of 2nd period - Shot Misses the Net.
8:45 of 2nd period - Puck is out of play.
8:46 of 2nd period - Sebastian Aho wins face-off versus Vinnie Hinostroza in Penguins zone.
8:47 of 2nd period - Wrist shot by Lucas Raymond.
8:47 of 2nd period - Shot Blocked by Tyler Myers.
9:07 of 2nd period - Slapshot by Cale Makar.
9:07 of 2nd period - Shot Blocked by Sebastian Aho.
9:40 of 2nd period - Slapshot by Lucas Raymond.
9:40 of 2nd period - Shot Misses the Net.
9:46 of 2nd period - Snap shot by Lucas Raymond.
9:46 of 2nd period - Shot Misses the Net.
10:34 of 2nd period - Wrist shot by Sam Carrick.
10:34 of 2nd period - Shot Misses the Net.
10:36 of 2nd period - Backhand shot by Jeremy Lauzon.
10:36 of 2nd period - Stopped by Dan Vladar without a rebound.
10:37 of 2nd period - Kirby Dach wins face-off versus Auston Matthews in Nordiques zone.
10:37 of 2nd period - Kirby Dach is hit by Auston Matthews.
10:45 of 2nd period - Wrist shot by Joel Farabee.
10:45 of 2nd period - Stopped by Tuukka Rask with a rebound.
10:47 of 2nd period - Slapshot by Ryan Lindgren.
10:47 of 2nd period - Goal by Ryan Lindgren - Penguins : 2 - Nordiques : 3.
10:48 of 2nd period - Alex Newhook wins face-off versus Auston Matthews in neutral zone.
11:01 of 2nd period - Wrist shot by J.T. Miller.
11:01 of 2nd period - Shot Blocked by Ryan Lindgren.
11:03 of 2nd period - Wrist shot by J.T. Miller.
11:03 of 2nd period - Shot Blocked by Philippe Myers.
11:21 of 2nd period - Wrist shot by Nils Hoglander.
11:21 of 2nd period - Shot Misses the Net.
11:23 of 2nd period - Snap shot by Philippe Myers.
11:23 of 2nd period - Shot Misses the Net.
11:25 of 2nd period - Snap shot by Pius Suter.
11:25 of 2nd period - Stopped by Tuukka Rask with a rebound.
11:41 of 2nd period - Wrist shot by Joel Armia.
11:41 of 2nd period - Stopped by Dan Vladar with a rebound.
13:46 of 2nd period - Philippe Myers is hit by Curtis Lazar and loses puck.
14:18 of 2nd period - Off-side.
14:19 of 2nd period - Tomas Tatar wins face-off versus Kirby Dach in neutral zone.
14:34 of 2nd period - Ethan Bear is hit by Martin Fehervary and loses puck.
15:05 of 2nd period - Minor Penalty to Matt Tennyson for Tripping.
15:06 of 2nd period - Sebastian Aho wins face-off versus Auston Matthews in Penguins zone.
16:23 of 2nd period - Icing by Joel Farabee.
16:24 of 2nd period - Auston Matthews wins face-off versus Kirby Dach in Nordiques zone.
17:05 of 2nd period - Penalty to Matt Tennyson is over, Matt Tennyson is back on ice.
17:15 of 2nd period - Snap shot by Cale Makar.
17:15 of 2nd period - Deflect By C.J. Smith.
17:15 of 2nd period - Stopped by Dan Vladar with a rebound.
17:33 of 2nd period - Snap shot by Cale Makar.
17:33 of 2nd period - Stopped by Dan Vladar with a rebound.
17:35 of 2nd period - Wrist shot by Charlie Coyle.
17:35 of 2nd period - Deflect By Tomas Tatar.
17:35 of 2nd period - Deflect By Vasili Podkolzin.
17:35 of 2nd period - Shot Blocked by Shayne Gostisbehere.
17:35 of 2nd period - Puck is out of play.
17:36 of 2nd period - Pius Suter wins face-off versus Tomas Tatar in Nordiques zone.
17:36 of 2nd period - Pius Suter is hit by Dmitry Orlov.
17:46 of 2nd period - Slapshot by Zdeno Chara.
17:46 of 2nd period - Deflect By Pius Suter.
17:46 of 2nd period - Stopped by Tuukka Rask with a rebound.
17:48 of 2nd period - Slapshot by Pius Suter.
17:48 of 2nd period - Stopped by Tuukka Rask without a rebound.
17:49 of 2nd period - Kirby Dach wins face-off versus Tomas Tatar in Penguins zone.
18:14 of 2nd period - Lawson Crouse is hit by Travis Sanheim and loses puck.
18:38 of 2nd period - Mikael Granlund is hit by Patrick Brown and loses puck.
18:45 of 2nd period - Slapshot by Patrick Brown.
18:45 of 2nd period - Stopped by Tuukka Rask with a rebound.
19:30 of 2nd period - Slapshot by J.T. Miller.
19:30 of 2nd period - Shot Misses the Net.
19:32 of 2nd period - Snap shot by Auston Matthews.
19:32 of 2nd period - Shot Blocked by Shayne Gostisbehere.
19:34 of 2nd period - Snap shot by J.T. Miller.
19:34 of 2nd period - Stopped by Dan Vladar with a rebound.
19:36 of 2nd period - Snap shot by Mikael Granlund.
19:36 of 2nd period - Shot Misses the Net.
19:38 of 2nd period - Slapshot by Matt Tennyson.
19:38 of 2nd period - Shot Blocked by Kirby Dach.
19:40 of 2nd period - Slapshot by Ethan Bear.
19:40 of 2nd period - Stopped by Dan Vladar with a rebound.
Goals for this period are 1 for Penguins vs 1 for Nordiques.
Shots for this period are 16 for Penguins vs 12 for Nordiques.

3rd period


0:01 of 3rd period - Alex Newhook wins face-off versus Auston Matthews in neutral zone.
0:04 of 3rd period - Snap shot by Zdeno Chara.
0:04 of 3rd period - Stopped by Tuukka Rask with a rebound.
0:49 of 3rd period - Jeremy Lauzon is hit by Philippe Myers and loses puck.
0:58 of 3rd period - Wrist shot by Nils Hoglander.
0:58 of 3rd period - Stopped by Tuukka Rask with a rebound.
1:52 of 3rd period - Charlie Coyle is hit by Patrick Brown and loses puck.
2:35 of 3rd period - Wrist shot by Kirby Dach.
2:35 of 3rd period - Stopped by Tuukka Rask without a rebound.
2:36 of 3rd period - Kirby Dach wins face-off versus Tomas Tatar in Penguins zone.
2:49 of 3rd period - Snap shot by Joel Farabee.
2:49 of 3rd period - Shot Misses the Net.
2:51 of 3rd period - Snap shot by Joel Farabee.
2:51 of 3rd period - Stopped by Tuukka Rask without a rebound.
2:52 of 3rd period - Auston Matthews wins face-off versus Alexander Wennberg in Penguins zone.
3:01 of 3rd period - Wrist shot by Mikael Granlund.
3:01 of 3rd period - Stopped by Dan Vladar with a rebound.
3:03 of 3rd period - Slapshot by Tyler Myers.
3:03 of 3rd period - Deflect By Auston Matthews.
3:03 of 3rd period - Shot Blocked by Sebastian Aho.
3:03 of 3rd period - Puck is out of play.
3:04 of 3rd period - Auston Matthews wins face-off versus Alex Newhook in Nordiques zone.
3:15 of 3rd period - Snap shot by J.T. Miller.
3:15 of 3rd period - Goal by J.T. Miller - Penguins : 3 - Nordiques : 3.
3:16 of 3rd period - Pius Suter wins face-off versus Auston Matthews in neutral zone.
3:25 of 3rd period - Slapshot by Pius Suter.
3:25 of 3rd period - Stopped by Tuukka Rask with a rebound.
3:48 of 3rd period - Slapshot by Tyler Myers.
3:48 of 3rd period - Stopped by Dan Vladar without a rebound.
3:49 of 3rd period - Alex Newhook wins face-off versus Tomas Tatar in Nordiques zone.
3:59 of 3rd period - Lawson Crouse is hit by Alex Newhook.
4:03 of 3rd period - Alex Newhook is hit by Tomas Tatar and loses puck.
4:31 of 3rd period - Backhand shot by Charlie Coyle.
4:31 of 3rd period - Shot Hit the Post.
4:47 of 3rd period - Snap shot by Tomas Tatar.
4:47 of 3rd period - Stopped by Dan Vladar with a rebound.
4:49 of 3rd period - Snap shot by Charlie Coyle.
4:49 of 3rd period - Shot Misses the Net.
4:51 of 3rd period - Wrist shot by Tomas Tatar.
4:51 of 3rd period - Stopped by Dan Vladar without a rebound.
4:52 of 3rd period - Auston Matthews wins face-off versus Lucas Raymond in Nordiques zone.
4:57 of 3rd period - Cale Makar is hit by Lucas Raymond and loses puck.
5:17 of 3rd period - Icing by Cale Makar.
5:18 of 3rd period - Pius Suter wins face-off versus Curtis Lazar in Penguins zone.
5:21 of 3rd period - Snap shot by Nils Hoglander.
5:21 of 3rd period - Stopped by Tuukka Rask without a rebound.
5:22 of 3rd period - Pius Suter wins face-off versus Curtis Lazar in Penguins zone.
5:44 of 3rd period - Slapshot by Shayne Gostisbehere.
5:44 of 3rd period - Deflect By Pius Suter.
5:44 of 3rd period - Shot Misses the Net.
5:44 of 3rd period - Puck is out of play.
5:45 of 3rd period - Auston Matthews wins face-off versus Sebastian Aho in Penguins zone.
6:03 of 3rd period - Minor Penalty to J.T. Miller for Roughing.
6:04 of 3rd period - Sebastian Aho wins face-off versus Auston Matthews in Penguins zone.
6:08 of 3rd period - Slapshot by Lucas Raymond.
6:08 of 3rd period - Shot Blocked by Cale Makar.
6:10 of 3rd period - Slapshot by Zdeno Chara.
6:10 of 3rd period - Stopped by Tuukka Rask without a rebound.
6:11 of 3rd period - Sebastian Aho wins face-off versus Auston Matthews in Penguins zone.
6:14 of 3rd period - Snap shot by Sebastian Aho.
6:14 of 3rd period - Shot Misses the Net.
6:16 of 3rd period - Slapshot by Travis Sanheim.
6:16 of 3rd period - Shot Blocked by Cale Makar.
7:06 of 3rd period - Snap shot by Lucas Raymond.
7:06 of 3rd period - Stopped by Tuukka Rask with a rebound.
7:08 of 3rd period - Wrist shot by Zdeno Chara.
7:08 of 3rd period - Stopped by Tuukka Rask with a rebound.
7:10 of 3rd period - Slapshot by Zdeno Chara.
7:10 of 3rd period - Deflect By Sebastian Aho.
7:10 of 3rd period - Stopped by Tuukka Rask with a rebound.
7:12 of 3rd period - Slapshot by Zdeno Chara.
7:12 of 3rd period - Stopped by Tuukka Rask without a rebound.
7:13 of 3rd period - Kirby Dach wins face-off versus Curtis Lazar in Penguins zone.
8:03 of 3rd period - Penalty to J.T. Miller is over, J.T. Miller is back on ice.
8:54 of 3rd period - Slapshot by Curtis Lazar.
8:54 of 3rd period - Deflect By Joel Armia.
8:54 of 3rd period - Stopped by Dan Vladar with a rebound.
9:16 of 3rd period - Ryan Lindgren is hit by Tomas Tatar and loses puck.
9:43 of 3rd period - Zdeno Chara is hit by Vinnie Hinostroza and loses puck.
11:38 of 3rd period - Slapshot by Tyler Myers.
11:38 of 3rd period - Stopped by Dan Vladar with a rebound.
11:40 of 3rd period - Slapshot by Joel Armia.
11:40 of 3rd period - Stopped by Dan Vladar with a rebound.
13:01 of 3rd period - Slapshot by Tomas Tatar.
13:01 of 3rd period - Deflect By Charlie Coyle.
13:01 of 3rd period - Stopped by Dan Vladar with a rebound.
13:12 of 3rd period - Slapshot by Shayne Gostisbehere.
13:12 of 3rd period - Stopped by Tuukka Rask with a rebound.
13:52 of 3rd period - C.J. Smith is hit by Jacob MacDonald and loses puck.
14:56 of 3rd period - Snap shot by Vinnie Hinostroza.
14:56 of 3rd period - Shot Misses the Net.
15:41 of 3rd period - Curtis Lazar is hit by Philippe Myers and loses puck.
16:50 of 3rd period - Off-side.
16:51 of 3rd period - Curtis Lazar wins face-off versus Sebastian Aho in neutral zone.
17:11 of 3rd period - Slapshot by Alex Newhook.
17:11 of 3rd period - Shot Blocked by J.T. Miller.
17:54 of 3rd period - Wrist shot by Joel Armia.
17:54 of 3rd period - Shot Blocked by Martin Fehervary.
17:56 of 3rd period - Wrist shot by Cody Eakin.
17:56 of 3rd period - Shot Hit the Post.
17:58 of 3rd period - Slapshot by Tyler Myers.
17:58 of 3rd period - Shot Blocked by Shayne Gostisbehere.
18:35 of 3rd period - Mikael Granlund is hit by Patrick Brown and loses puck.
18:56 of 3rd period - Matt Tennyson is hit by Zdeno Chara.
Goals for this period are 1 for Penguins vs 0 for Nordiques.
Shots for this period are 9 for Penguins vs 12 for Nordiques.

Overtime #1


0:01 of 1st overtime period - Auston Matthews wins face-off versus Sebastian Aho in neutral zone.
0:08 of 1st overtime period - Slapshot by J.T. Miller.
0:08 of 1st overtime period - Stopped by Dan Vladar with a rebound.
0:10 of 1st overtime period - Slapshot by Tyler Myers.
0:10 of 1st overtime period - Deflect By Sebastian Aho.
0:10 of 1st overtime period - Stopped by Dan Vladar with a rebound.
0:12 of 1st overtime period - Slapshot by Tyler Myers.
0:12 of 1st overtime period - Shot Blocked by Zdeno Chara.
0:14 of 1st overtime period - Snap shot by Auston Matthews.
0:14 of 1st overtime period - Deflect By J.T. Miller.
0:14 of 1st overtime period - Stopped by Dan Vladar with a rebound.
0:16 of 1st overtime period - Snap shot by J.T. Miller.
0:16 of 1st overtime period - Shot Blocked by Alexander Wennberg.
0:51 of 1st overtime period - Icing by Alexander Wennberg.
0:52 of 1st overtime period - Auston Matthews wins face-off versus Joel Farabee in Nordiques zone.
0:59 of 1st overtime period - Slapshot by Auston Matthews.
0:59 of 1st overtime period - Stopped by Dan Vladar without a rebound.
1:00 of 1st overtime period - Auston Matthews wins face-off versus Sebastian Aho in Nordiques zone.
1:03 of 1st overtime period - Snap shot by J.T. Miller.
1:03 of 1st overtime period - Shot Blocked by Alexander Wennberg.
1:05 of 1st overtime period - Slapshot by Tyler Myers.
1:05 of 1st overtime period - Stopped by Dan Vladar with a rebound.
1:07 of 1st overtime period - Wrist shot by J.T. Miller.
1:07 of 1st overtime period - Shot Misses the Net.
1:09 of 1st overtime period - Slapshot by Tyler Myers.
1:09 of 1st overtime period - Shot Misses the Net.
1:27 of 1st overtime period - Tomas Tatar is hit by Kirby Dach.
1:56 of 1st overtime period - Icing by Mathieu Perreault.
1:57 of 1st overtime period - Sebastian Aho wins face-off versus Charlie Coyle in Nordiques zone.
2:40 of 1st overtime period - Cale Makar is hit by Zdeno Chara and loses puck.
4:01 of 1st overtime period - Ryan Lindgren is hit by J.T. Miller and loses puck.
Goals for this period are 0 for Penguins vs 0 for Nordiques.
Shots for this period are 5 for Penguins vs 0 for Nordiques.

ShootOut


5:00 of 1st overtime period - Round #1.
5:00 of 1st overtime period - Penguins, Auston Matthews.
5:00 of 1st overtime period - Snap shot by Auston Matthews.
5:00 of 1st overtime period - Goal by Auston Matthews.
5:00 of 1st overtime period - Nordiques, Sebastian Aho.
5:00 of 1st overtime period - Deke by Sebastian Aho.
5:00 of 1st overtime period - Shot Misses the Net.
5:00 of 1st overtime period - Round #2.
5:00 of 1st overtime period - Penguins, J.T. Miller.
5:00 of 1st overtime period - Deke by J.T. Miller.
5:00 of 1st overtime period - Goal by J.T. Miller.
5:00 of 1st overtime period - Nordiques, Alexander Wennberg.
5:00 of 1st overtime period - Backhand shot by Alexander Wennberg.
5:00 of 1st overtime period - Goal by Alexander Wennberg.
5:00 of 1st overtime period - Round #3.
5:00 of 1st overtime period - Penguins, Mikael Granlund.
5:00 of 1st overtime period - Deke by Mikael Granlund.
5:00 of 1st overtime period - Goal by Mikael Granlund.